 Dungeon Crawl Stone Soup version 0.30.1-11-g7821555f0a (webtiles) character file.

Game seed: 14737184814455895446

219 Scypho the Skirmisher (level 6, 0/35 HPs)
             Began as a Kobold Hunter on Dec 1, 2023.
             Was an Initiate of Dithmenos.
             Slain by a killer bee (3 damage)
             ... on level 4 of the Dungeon.
             The game lasted 00:07:29 (2490 turns).

Scypho the Skirmisher (Kobold Hunter)               Turns: 2490, Time: 00:07:29

Health: 0/35       AC:  5    Str:  8    XL:     6   Next: 18%
Magic:  6/6        EV: 14    Int: 10    God:    Dithmenos [......]
Gold:   158        SH:  0    Dex: 21    Spells: 5/5 levels left

rFire   x . .        a - +1 shortbow
rCold   . . .        (shield currently unavailable)
rNeg    . . .        c - +1 leather armour
rPois   .            (no helmet)
rElec   .            m - scarf {repulsion}
rCorr   .            j - +0 pair of gloves
SInv    .            (no boots)
Will    .....        (no amulet)
Stlth   +++          (no ring)
HPRegen 0.25/turn    (no ring)
MPRegen 0.10/turn

%: repel missiles
@: weak-willed
A: small, no large weapons, nightstalker 3, talons 1, heat vulnerability 1
a: Renounce Religion


You were on level 4 of the Dungeon.
You worshipped Dithmenos.
Dithmenos was noncommittal.
You visited 1 branch of the dungeon, and saw 4 of its levels.

You collected 158 gold pieces.

Inventory:

Hand Weapons
 a - a +1 shortbow (weapon)
 g - a +2 short sword of venom
 o - a +0 sling
Armour
 c - a +1 leather armour (worn)
 j - a +0 pair of gloves (worn)
 m - a scarf of repulsion (worn)
Magical Staves
 l - a staff of fire
Scrolls
 b - 2 scrolls of immolation
 i - 5 scrolls of identify
 v - a scroll of blinking {unknown}
Potions
 d - a potion of lignification
 k - a potion of cancellation
 t - 2 potions of mutation


   Skills:
 - Level 2.1 Fighting
 + Level 9.2 Ranged Weapons
 - Level 2.4 Dodging
 - Level 1.3 Stealth


You had 5 spell levels left.
You didn't know any spells.
Your spell library contained the following spells:

 Spells                   Type           Power      Damage    Failure   Level
 Ensorcelled Hibernation  Hex/Ice        0%         N/A       63%         2
 Spider Form              Tmut/Pois      0%         N/A       86%         3
 Anguish                  Hex/Necr       0%         N/A       99%         4


Dungeon Overview and Level Annotations

Branches:
Dungeon (4/15)
 Temple: D:4-7

Altars:
Dithmenos


Innate Abilities, Weirdness & Mutations

You are small and have problems with some larger weapons.
You are completely attuned to the shadows.
You have sharp toenails.
You are vulnerable to heat. (rF-)


Message History

You hear an angry buzzing noise. x2
Okay, then.
The killer bee buzzes angrily.
Found 6 poisoned darts.
The killer bee closely misses you. The killer bee stings you.
* * * LOW HITPOINT WARNING * * *
As you read the scroll labelled GUMUXT QURA, it crumbles to dust.
Magic quickly surges around you.
It was a scroll of vulnerability.
A killer bee comes into view.
The killer bee completely misses you.
A killer bee comes into view.
The killer bee completely misses you.
As you read the scroll labelled YDUN OSOLUFA, it crumbles to dust.
You assume a fearsome visage.
The ogre looks frightened!
The killer bee looks frightened! x3; The goblin looks frightened!
It was a scroll of fear.
The killer bee barely misses you. The killer bee misses you.
The killer bee closely misses you. The killer bee closely misses you.
The killer bee misses you. The killer bee barely misses you.
The killer bee stings you but does no damage.
You see here 6 poisoned darts.
The killer bee attacks as you move away!
The killer bee stings you.
* * * LOW HITPOINT WARNING * * *
The killer bee misses you. The killer bee stings you.
* * * LOW HITPOINT WARNING * * *
As you read the scroll labelled CUBEZ ZOFUGA, it crumbles to dust.
It is a scroll of enchant weapon.
Your +0 shortbow glows red for a moment.
The killer bee closely misses you. x2; The killer bee stings you.
* * * LOW HITPOINT WARNING * * *
The killer bee stings you.
* * * LOW HITPOINT WARNING * * *
As you read the scroll labelled YZUHON EHIUF, it crumbles to dust.
It is a scroll of enchant armour.
Your +0 leather armour glows green for a moment.
The killer bee closely misses you. The killer bee stings you.
You die...

#........ ...≈.##
#..###### ≈≈.≈..#
#..# .≈.... O..#
.## .≈≈≈.# #....
...... .....# #
....## #.##.#
####.## # ....#
#.##.# #..# # g.O#
#.##y# ##†####
....# #.##@#
#..§## ....#
####.##y# ###§§§
....# ........#
####
....#########.####
# ..........g...#
# ###############
# #


You could see 2 killer bees.

Vanquished Creatures
  A scorpion (D:4)
  2 hounds (D:4)
  3 adders
  2 worms (D:2)
  A dart slug (D:3)
  An orc (D:4)
  10 endoplasms
  2 giant cockroaches
  8 goblins
  4 hobgoblins
  2 jackals (D:4)
  5 kobolds
  3 quokkas
  8 ball pythons
  6 bats
  2 frilled lizards (D:2)
  4 rats
64 creatures vanquished.

Notes
Turn   | Place    | Note
-------+----------+-------------------------------------------
     0 | D:1      | Scypho the Kobold Hunter began the quest for the Orb.
     0 | D:1      | Reached XP level 1. HP: 12/12 MP: 1/1
    24 | D:1      | Found a faded altar of an unknown god.
   135 | D:1      | Reached XP level 2. HP: 17/17 MP: 2/2
   172 | D:1      | Reached skill level 6 in Ranged Weapons
   474 | D:1      | Reached XP level 3. HP: 21/21 MP: 3/3
   701 | D:2      | Reached skill level 7 in Ranged Weapons
   762 | D:2      | Reached XP level 4. HP: 18/26 MP: 4/4
  1567 | D:3      | Found a shadowy altar of Dithmenos.
  1572 | D:3      | Became a worshipper of Dithmenos the Shadowed
  2120 | D:4      | Reached skill level 8 in Ranged Weapons
  2120 | D:4      | Reached XP level 5. HP: 30/30 MP: 5/5
  2346 | D:4      | Reached skill level 9 in Ranged Weapons
  2346 | D:4      | Reached XP level 6. HP: 25/35 MP: 6/6
  2400 | D:4      | Gained mutation: You are vulnerable to heat. (rF-) [potion
                  | of mutation]
  2400 | D:4      | Gained mutation: You have sharp toenails. [potion of
                  | mutation]
  2449 | D:4      | Noticed an ogre
  2490 | D:4      | Slain by a killer bee

Illustrated notes

Levels and vault maps discovered:
D:1:      tarquinn_simple_flora_water_f, layout_basic,
          hellmonk_ecumenical_altar_pennies_from_heaven
D:2:      layout_rooms, minmay_heptomino_l4
D:3:      layout_basic, grunt_dithmenos_smoke_and_mirrors
D:4:      layout_basic, mainiacjoe_overflow_large_starburst

Skill      XL: |  1  2  3  4  5 |
---------------+----------------+-----
Ranged Weapons | 6 7 8 9 |  9.2
Fighting       | |  2.1
Dodging        | |  2.4
Stealth        | |  1.3

Action                     |  1- 3 |  4- 6 || total
---------------------------+-------+-------++-------
   Fire: Shortbow          |    65 |   100 ||   165
    Use: Scroll            |       |     7 ||     7
         Potion            |       |     6 ||     6
 Armour: Leather armour    |     7 |    15 ||    22
  Dodge: Dodged            |    20 |    77 ||    97
